 Dungeon Crawl Stone Soup version 0.20.1-1-g8b1a95d (webtiles) character file.

119 PiranhaGAMER the Grave Robber (level 4, -2/33 HPs)
             Began as a Demonspawn Necromancer on Aug 11, 2017.
             Slain by a gnoll
             ... wielding a +0 whip
              (6 damage)
             ... on level 2 of the Dungeon.
             The game lasted 00:28:47 (2471 turns).

PiranhaGAMER the Grave Robber (DsNe)                Turns: 2471, Time: 00:28:48

Health: -2/33      AC:  3    Str:  9    XL:     4   Next: 74%
Magic:  1/8        EV: 12    Int: 17    God:
Gold:   69         SH:  0    Dex: 13    Spells: 7/9 levels left

rFire    . . .     SeeInvis .   h - +0 club
rCold    . . .     Gourm    .   (no shield)
rNeg     . . .     Faith    .   a - +0 robe
rPois    .         Spirit   .   l - +0 helmet
rElec    .         Reflect  .   (no cloak)
rCorr    .         Harm     .   (no gloves)
MR       .....                  (no boots)
Stlth    ++........             (no amulet)
Regen    0.2/turn               (no ring)
MPRegen  0.2/turn               (no ring)

@: no status effects
A: spiny 1
a: no special abilities


You were on level 2 of the Dungeon.
You were not hungry.

You visited 1 branch of the dungeon, and saw 2 of its levels.

You collected 69 gold pieces.

Inventory:

Hand Weapons
 h - a +0 club (weapon)
Missiles
 i - 18 poisoned needles
 j - 25 stones (quivered)
Armour
 a - a +0 robe (worn)
 l - a +0 helmet (worn)
Scrolls
 d - 2 scrolls of remove curse
 o - a scroll of identify {unknown}
 q - a scroll of enchant armour {unknown}
Potions
 e - 2 potions of lignification {unknown}
 g - a potion of agility {unknown}
 m - a potion of cancellation {unknown}
Books
 b - a book of Necromancy

   Spells                             Type                      Level
   a - Pain                           Necromancy                   1
   b - Animate Skeleton               Necromancy                   1
   c - Vampiric Draining              Necromancy                   3
   d - Regeneration                   Charms/Necromancy            3
   e - Animate Dead                   Necromancy                   4
   f - Control Undead                 Necromancy                   4
Comestibles
 c - 4 bread rations
 n - a meat ration
 p - a royal jelly


   Skills:
 * Level 2.0 Fighting
 + Level 2.0 Dodging
 - Level 1.7 Stealth
 + Level 3.0 Spellcasting
 * Level 5.4 Necromancy


You had 7 spell levels left.
You knew the following spells:

 Your Spells              Type           Power        Failure   Level  Hunger
a - Pain                  Necr           ###.         1%          1    None
b - Animate Skeleton      Necr           N/A          1%          1    None


Dungeon Overview and Level Annotations

Branches:
Dungeon (2/15)

Altars:


Innate Abilities, Weirdness & Mutations

You are partially covered in sharp spines.


Message History

You don't have enough magic to cast that spell.
Unknown command.
The gnoll moves out of view.
The gnoll hits you from afar with a spear.
The gnoll hits you from afar with a spear!
* * * LOW HITPOINT WARNING * * *
Casting: Pain
Confirm with . or Enter, or press ? or * to list all spells.
Aiming: Pain
Press: ? - help, Shift-Dir - straight line, f/p - gnoll
Aim: a gnoll, wielding a spear (heavily wounded, chance to defeat MR: 86%)
The gnoll writhes in agony!
The gnoll shouts!
The gnoll hits you from afar with a spear.
* * * LOW HITPOINT WARNING * * *
The gnoll hits you from afar with a spear.
* * * LOW HITPOINT WARNING * * *
Your magical contamination has completely faded away.
The gnoll is struck by your spines. The gnoll hits you with a whip.
You die...

#.# #............#.# #.##. ####.#
#.........##.#.# ##.##. .....#
##.##...#####.#.#####)....
.)...###...#...# #..........###
###.###........#####..######.....
#.........#.#.......## ##.##.
#####.....#)................#
##....#....###.###.######
##.#.#...@.##.# # #........g...#
###.#...g..### ## #.>......## .#
#.........# .## ##.(......## ..#
#.........# ..########.........#
...................#


You could see 2 gnolls.

Vanquished Creatures
  A worker ant (D:1)
  2 gnolls (D:2)
  3 adders (D:2)
  An ooze (D:1)
  A worm (D:2)
  A dart slug (D:1)
  6 leopard geckos
  6 bats
  2 goblins (D:2)
  3 hobgoblins
  7 kobolds
  A frilled lizard (D:1)
  5 rats
39 creatures vanquished.

Vanquished Creatures (collateral kills)
  A goblin (D:2)
1 creature vanquished.

Grand Total: 40 creatures vanquished

Notes
Turn   | Place    | Note
-------+----------+-------------------------------------------
     0 | D:1      | PiranhaGAMER the Demonspawn Necromancer began the quest for the Orb.
     0 | D:1      | Reached XP level 1. HP: 13/13 MP: 3/3
    11 | D:1      | Learned a level 1 spell: Animate Skeleton
   340 | D:1      | Gained mutation: You are partially covered in sharp spines. [demonic ancestry]
   340 | D:1      | Reached XP level 2. HP: 20/20 MP: 3/5
   833 | D:1      | Reached skill level 5 in Necromancy
   917 | D:1      | Reached skill level 1 in Fighting
  1315 | D:1      | Reached XP level 3. HP: 18/26 MP: 2/6
  1978 | D:2      | Reached XP level 4. HP: 26/32 MP: 0/7
  2471 | D:2      | Slain by a gnoll

Skill      XL: |  1  2  3  4 |
---------------+-------------+-----
Necromancy     | 5 |  5.4
Fighting       | 1 2 |  2.0
Dodging        | 2 |  2.0
Spellcasting   | 3 |  3.0
Stealth        | |  1.7

Action                   |  1- 3 |  4- 6 || total
-------------------------+-------+-------++-------
Melee: Unarmed           |     4 |       ||     4
       Dagger            |     6 |       ||     6
       Club              |       |     7 ||     7
 Cast: Pain              |    48 |    27 ||    75
       Animate Skeleton  |     2 |     1 ||     3
  Use: Scroll            |       |     2 ||     2
  Eat: Chunk             |     3 |     2 ||     5
Armor: Robe              |    12 |     3 ||    15
Dodge: Dodged            |    31 |     8 ||    39
